 Dungeon Crawl Stone Soup version 0.31-a0-1616-gbeaec30b81 (webtiles) character file.

Game seed: 14505287103355761704

24 Drazool the Cudgeller (level 3, -2/29 HPs)
             Began as a Barachi Fighter on Jan 11, 2024.
             Succumbed to a gnoll's poison
             ... on level 1 of the Dungeon.
             The game lasted 00:01:05 (268 turns).

Drazool the Cudgeller (Barachi Fighter)              Turns: 268, Time: 00:01:05

Health: -2/29      AC:  6    Str: 19    XL:     3   Next: 2%
Magic:  3/3        EV:  9    Int:  8    God:
Gold:   0          SH:  4    Dex: 11    Spells: 2/2 levels left

rFire   . . .        a - +0 flail
rCold   . . .        c - +0 buckler
rNeg    . . .        b - +0 scale mail
rPois   .            (no helmet)
rElec   .            (no cloak)
rCorr   .            (no gloves)
SInv    .            (no boots)
Will    .....        (no amulet) Stlth
                     (no ring)
HPRegen 0.24/turn    (no ring)
MPRegen 0.08/turn

%: no passive effects
@: lethally poisoned (-2 -> -19), slow
A: amphibious, slowness 1, strong legs 1, +LOS
a: Hop


You were on level 1 of the Dungeon.
You visited 1 branch of the dungeon, and saw 1 of its levels.


Innate Abilities, Weirdness & Mutations

You are amphibious.
You cover ground slowly.
You can hop short distances.
You have an extended range of vision and can be seen from far away.


   Skills:
 - Level 3.6 Fighting
 + Level 3.7 Maces & Flails
 - Level 3.6 Armour
 - Level 3.2 Shields


You had 2 spell levels left.
You didn't know any spells.
Your spell library was empty.

Inventory:

Hand Weapons
 a - a +0 flail (weapon)
Armour
 b - a +0 scale mail (worn)
 c - a +0 buckler (worn)
Scrolls
 e - a scroll of identify {unknown}
 f - 2 scrolls of teleportation {unknown}
Potions
 d - a potion of might

Dungeon Overview and Level Annotations

Branches:
Dungeon (1/15)

Altars:

##########
#........#
#........# #
#........#.#
#........#.#
#........).#
#....†..@#......g
#........# ######
#........#.#
#####'####.#####
#>..........
#%..........
###.######## #†#
#.#######


There were no monsters in sight!


Message History

You start waiting.
A gnoll is nearby!
You closely miss the gnoll.
The gnoll hits you with a +1 whip of venom.
You are poisoned.
You completely miss the gnoll.
You feel very sick. The gnoll closely misses you.
You closely miss the gnoll.
You feel sick. You block the gnoll's attack.
You hit the gnoll.
The gnoll is lightly wounded.
You feel sick. The gnoll misses you. The gnoll hits you but does no damage.
You are lethally poisoned!
You thump the gnoll!
The gnoll is severely wounded.
* * * LOW HITPOINT WARNING * * *
You feel very sick.
The gnoll hits you with a +1 whip of venom.
* * * LOW HITPOINT WARNING * * *
You are more poisoned.
You sock the gnoll!
You kill the gnoll!
* * * LOW HITPOINT WARNING * * *
You feel extremely sick.
You have reached level 3!
Your experience leads to an increase in your attributes!
Increase (S)trength, (I)ntelligence, or (D)exterity?
You feel stronger. x2
It was a potion of magic.
Magic courses through your body.
You die...

Skill      XL: |  1  2 |
---------------+-------+-----
Maces & Flails | 3 |  3.7
Fighting       | |  3.6
Armour         | |  3.6
Shields        | |  3.2

Action                     || total
---------------------------++-------
  Melee: Flail             ||    43
    Use: Potion            ||     1
 Armour: Scale mail        ||    23
  Dodge: Dodged            ||    13
  Block: Buckler           ||     7

Levels and vault maps discovered:
D:1:      dpeg_arrival_lava_altar, layout_basic, serial_aquarium,
          aquarium_bridge_square [aquarium_subvault_bridge,
          aquarium_subvault_balcony, aquarium_subvault_window,
          aquarium_subvault_wall], aquarium_window_corner,
          aquarium_window_corner, aquarium_view_2d, aquarium_view_2c,
          aquarium_balcony_5a

Notes
Turn   | Place    | Note
-------+----------+-------------------------------------------
     0 | D:1      | Drazool the Barachi Fighter began the quest for the Orb.
     0 | D:1      | Reached XP level 1. HP: 18/18 MP: 1/1
   177 | D:1      | Reached XP level 2. HP: 24/24 MP: 2/2
   195 | D:1      | Reached skill level 3 in Maces & Flails
   267 | D:1      | HP: 2/24 [poisoned by a gnoll]
   268 | D:1      | Reached XP level 3. HP: 2/29 MP: 3/3
   268 | D:1      | Succumbed to a gnoll's poison

Vanquished Creatures
  A gnoll (D:1)
  3 endoplasms (D:1)
  3 hobgoblins (D:1)
  A quokka (D:1)
  A ball python (D:1)
  A bat (D:1)
  A frilled lizard (D:1)
  2 goblins (D:1)
13 creatures vanquished.

Table legend: (Time is in decaauts)
 A = Elapsed time spent in this place.
 B = Non-inter-level travel time spent in this place.
 C = Inter-level travel time spent in this place.
 D = Time resting spent in this place.
 E = Time spent auto-exploring this place.
 F = Levels seen in this place.
 G = Mean time per level.
                   A        B        C        D        E       F      G
               +--------+--------+--------+--------+--------+-----+--------+
         Total |    314 |    314 |      0 |      5 |    194 |   1 |  314.0 |
       Dungeon |    314 |    314 |      0 |      5 |    194 |   1 |  314.0 |
               +--------+--------+--------+--------+--------+-----+--------+

Top non-repeatable levels by time:
     D:1: 314 daAuts

Table legend:
 A = Non-vault XP
 B = Vault XP
 C = Vault XP percentage of total XP
 D = Non-vault monster count
 E = Vault monster count
 F = Vault count percentage of total count
                 A         B        C        D         E       F
            +---------+---------+-------+---------+---------+-------
      Total |      35 |       0 |   0.0 |      13 |       0 |   0.0
            +---------+---------+-------+---------+---------+-------
        D:1 |      35 |       0 |   0.0 |      13 |       0 |   0.0
            +---------+---------+-------+---------+---------+-------
